[Event "Betsys MČR v online bleskovém šachu 2021"]
[Site "Chess.com"]
[Date "2021.04.17"]
[Round "11"]
[White "machonza"]
[Black "xPsylocke"]
[Result "0-1"]
[WhiteElo "2022"]
[BlackElo "2240"]
[TimeControl "180+1"]
[EndTime "10:49:36 PDT"]
[Termination "Uživatel xPsylocke zvítězil matem"]

1. e4 e5 2. Nf3 Nc6 3. Bb5 a6 4. Bxc6 dxc6 5. Qe2 f6 6. Na3 Ne7 7. c3 Ng6 8. d4 exd4 9. cxd4 Bb4+ 10. Kf1 Be6 11. Nc2 Be7 12. h3 O-O 13. g3 f5 14.
e5 f4 15. g4 b5 16. b3 c5 17. Bb2 c4 18. Nd2 f3 19. Qe1 Nf4 20. Ne3 Nd3 21. Qb1 Bb4 22. Ne4 Qh4 23. Ng3 Bd2 24. Nd1 Bf4 25. Ba3 Rf7 26. Qc2 Bxg3 27. fxg3 Qxg3 28.
Ne3 f2 29. Rd1 Qf3 30. Rxd3 cxd3 31. Qxd3 Qxh1+ 32. Ke2 Qe1# 0-1

[Event "Betsys MČR v online bleskovém šachu 2021"]
[Site "Chess.com"]
[Date "2021.04.17"]
[Round "11"]
[White "Loveforever_Pepi"]
[Black "LiborRojar"]
[Result "1-0"]
[WhiteElo "2272"]
[BlackElo "2070"]
[TimeControl "180+1"]
[EndTime "10:49:36 PDT"]
[Termination "Uživatel Loveforever_Pepi zvítězil po vzdání soupeře"]

1. e4 e5 2. Nf3 Nf6 3. Nxe5 Nxe4 4. Qe2 Qe7 5. Qxe4 d6 6. d4 dxe5 7. Qxe5 Qxe5+ 8. dxe5 Bf5 9. c3 Nd7 10. Bf4 O-O-O 11.
Nd2 Nxe5 12. Bxe5 Re8 13. Nf3 f6 14. O-O-O fxe5 15. Re1 Bc5 16. Rxe5 Rxe5 17. Nxe5 Bxf2 18. Bd3 Be3+ 19. Kc2 Be6 20. Rf1 c6 21. Bf5 Bxf5+ 22. Rxf5 Re8 23. Nc4 Bh6 24. Nd6+ Kd7 25. Nxe8 Kxe8 26.
b3 Ke7 27. Kd3 Bc1 28. c4 g6 29. Rf1 Bb2 30. Ke4 Ke6 31. Rf8 b5 32. cxb5 cxb5 33.
Rb8 Be5 34. Rxb5 Bxh2 35. Rb7 Bg1 36. Rxh7 Bc5 37. Rc7 Bb6 38. Rb7 Bc5 39. b4 Bf2 40. a4 Bg1 41. a5 Bf2 42. b5 Kd6 43. Rg7 Kc5 44. b6 axb6 45. a6 Kc6 46. a7 b5 47.
a8=Q+ 1-0

[Event "Betsys MČR v online bleskovém šachu 2021"]
[Site "Chess.com"]
[Date "2021.04.17"]
[Round "11"]
[White "Jeff_CZE"]
[Black "Klapuch05"]
[Result "0-1"]
[WhiteElo "1802"]
[BlackElo "1578"]
[TimeControl "180+1"]
[EndTime "10:49:36 PDT"]
[Termination "Uživatel Klapuch05 zvítězil matem"]

1. d4 Nf6 2. c4 g6 3. Nc3 d5 4. cxd5 Nxd5 5. e4 Nxc3 6. bxc3 Bg7 7. Nf3 O-O 8. Be2 c5 9. Be3 b6 10. O-O Bb7 11. d5 Bxc3 12. Rb1 Bg7 13. Bxc5 Bxd5 14. Bxe7 Qxe7 15. Qxd5 Nd7 16. Rfc1 Nc5 17. e5 Rfe8 18. Bc4 Rad8 19. Qc6 Bxe5 20. Re1 Rd6 21. Qxd6 Qxd6 22. Rbd1 Qc7 23. Ng5 Bxh2+ 24. Kf1 Rxe1+ 25. Rxe1 Ne6 26. Nxe6 Qxc4+ 27. Re2 fxe6 28. g3 Qc1+ 29. Kg2 Bxg3 30. fxg3 Qc6+ 31. Kf2 Qc5+ 32. Kg2 Qd5+ 33. Kf2 Qd4+ 34.
Kg2 Kf7 35. Rf2+ Ke7 36. Rf3 Qd5 37. Kf2 Kd6 38. Re3 Kc5 39. Ke2 Kc4 40. Kf2 Qd2+ 41. Kf3 Qxe3+ 42. Kxe3 Kc3 43. Ke4 Kb2 44. Ke5 Kxa2 45.
Kxe6 b5 46. Kf6 b4 47. Kg7 b3 48. Kxh7 b2 49. Kxg6 b1=Q+ 50. Kh6 Qg1 51. g4 Qxg4 52. Kh7 Kb3 53. Kh6 Kc4 54. Kh7 Kd5 55. Kh6 Ke6 56. Kh7 Kf7 57. Kh6 Qg6# 0-1

[Event "Betsys MČR v online bleskovém šachu 2021"]
[Site "Chess.com"]
[Date "2021.04.17"]
[Round "11"]
[White "BRNOTEACHER"]
[Black "Joanna23W"]
[Result "1-0"]
[WhiteElo "2381"]
[BlackElo "2656"]
[TimeControl "180+1"]
[EndTime "10:49:37 PDT"]
[Termination "Uživatel BRNOTEACHER zvítězil na čas"]

1. d4 Nf6 2. c4 g6 3. Nc3 Bg7 4. e4 d6 5. Nf3 O-O 6. Be2 e5 7. O-O exd4 8. Nxd4 Nc6 9. Be3 Re8 10. f3 Be6 11. Qd2 Qd7 12. Rad1 a6 13. b3 Nxd4 14.
Bxd4 Nh5 15. Bxg7 Nxg7 16. c5 Rad8 17. cxd6 Qc6 18. e5 cxd6 19. exd6 Nf5 20. Ne4 Qb6+ 21.
Kh1 Ne3 22. Nf6+ Kf8 23. Rfe1 Kg7 24. Nxe8+ Rxe8 25. Qc3+ Kg8 26. Rd2 Rd8 27. Qe5 Nf5 28. Red1 Qc6 29. Bc4 Bxc4 30. bxc4 Qxc4 31. d7 Ng7 32. Qe7 Qc7 33. Rc2 1-0

[Event "Betsys MČR v online bleskovém šachu 2021"]
[Site "Chess.com"]
[Date "2021.04.17"]
[Round "11"]
[White "jarosymon"]
[Black "Michal5"]
[Result "1-0"]
[WhiteElo "1703"]
[BlackElo "1202"]
[TimeControl "180+1"]
[EndTime "10:49:37 PDT"]
[Termination "Uživatel jarosymon zvítězil matem"]

1. e4 c5 2. b4 cxb4 3. d4 Nf6 4. Bd3 Nc6 5. Nf3 g6 6. a3 bxa3 7. Nxa3 Bg7 8. c3 O-O 9. Be3 a6 10. h3 d6 11. O-O Bd7 12. Qd2 Rc8 13. Bh6 b5 14. Bxg7 Kxg7 15. e5 dxe5 16. dxe5 Ng8 17. Nc2 Qb6 18. Ncd4 Nxd4 19. cxd4 Be6 20. Be4 Bc4 21.
Rfd1 e6 22. Qe3 Ne7 23. Nh4 Nd5 24. Qg5 Nc3 25. Re1 Nxe4 26. Rxe4 Bd3 27. Rf4 Rc2 28. Qf6+ Kg8 29. Nf3 Qc7 30. Rh4 Rc1+ 31. Kh2 Rxa1 32.
Rxh7 Qd8 33. Rh8# 1-0

[Event "Betsys MČR v online bleskovém šachu 2021"]
[Site "Chess.com"]
[Date "2021.04.17"]
[Round "11"]
[White "malviny"]
[Black "Cenisuh"]
[Result "1-0"]
[WhiteElo "1197"]
[BlackElo "1592"]
[TimeControl "180+1"]
[EndTime "10:49:38 PDT"]
[Termination "Uživatel malviny zvítězil na čas"]

1. e4 e5 2. Nf3 d6 3. d4 exd4 4. Nxd4 Nf6 5. Nc3 Be7 6. Bc4 O-O 7. O-O c6 8. Nf3 b5 9. Bb3 b4 10. Ne2 Nxe4 11. Qd4 d5 12. Be3 Ba6 13. Rfe1 Bc5 14.
Qd1 Bxe3 15. fxe3 Qb6 16. Ned4 Nd7 17. Ba4 Rac8 18. b3 Ndc5 19. a3 Nxa4 20. bxa4 Rfe8 21.
axb4 Qxb4 22. Ra3 Qxa3 23. Nd2 Qe7 24. N2b3 c5 25. Nf5 Qe5 26. Qf3 Ng5 27. Qg4 h6 28.
h4 Ne4 29. Nxh6+ 1-0

[Event "Betsys MČR v online bleskovém šachu 2021"]
[Site "Chess.com"]
[Date "2021.04.17"]
[Round "11"]
[White "MilosJi"]
[Black "Sunnika"]
[Result "1-0"]
[WhiteElo "2566"]
[BlackElo "2297"]
[TimeControl "180+1"]
[EndTime "10:49:39 PDT"]
[Termination "Uživatel MilosJi zvítězil na čas"]

1. Nf3 d5 2. c4 c6 3. e3 Nf6 4. Nc3 a6 5. b3 Bf5 6. Bb2 h6 7. Be2 e6 8. O-O Nbd7 9. Rc1 Bd6 10. h3 O-O 11. Re1 Qe7 12. d3 Ba3 13. Qc2 Rfe8 14. Bf1 Bh7 15. Nb1 Bxb2 16. Qxb2 e5 17. cxd5 Nxd5 18.
a3 a5 19. Nc3 N7f6 20. Nxd5 Nxd5 21. d4 exd4 22. Nxd4 Rad8 23. Bc4 Qf6 24. b4 axb4 25. axb4 Qe7 26. Bxd5 Rxd5 27. Rc5 Red8 28. Rec1 Bg6 29. Qa2 Kh7 30. Qa7 R5d7 31. Qb6 Ra8 32. b5 cxb5 33. Qxb5 Ra2 34. Qb3 Ra6 35. Rb5 Rad6 36. Qb4 Be4 37. Rcc5 Qf6 38. Re5 Bc6 39. Rf5 Qg6 40. Nxc6 bxc6 41.
Rbe5 Rd1+ 42. Kh2 1-0

[Event "Betsys MČR v online bleskovém šachu 2021"]
[Site "Chess.com"]
[Date "2021.04.17"]
[Round "11"]
[White "TerezaRodshtein"]
[Black "Patriktesko"]
[Result "1-0"]
[WhiteElo "2182"]
[BlackElo "2042"]
[TimeControl "180+1"]
[EndTime "10:49:41 PDT"]
[Termination "Uživatel TerezaRodshtein zvítězil na čas"]

1. f4 d5 2. b3 Nf6 3. Bb2 c6 4. Nf3 Bg4 5. e3 e6 6. Bd3 Bd6 7. h3 Bxf3 8. Qxf3 Nbd7 9. g4 Qc7 10. g5 Ne4 11. Bxe4 dxe4 12. Qxe4 O-O-O 13. Nc3 e5 14. f5 Nc5 15. Qg4 Kb8 16. O-O-O f6 17. h4 Na6 18.
Ne4 Qa5 19. Kb1 Ba3 20. gxf6 gxf6 21. Nxf6 Bxb2 22. Kxb2 Rxd2 23. Nd7+ Ka8 24. Rxd2 Qxd2 25. Nxe5 Qxe3 26. Nc4 Qf2 27. Rd1 Rf8 28. Nd6 Qe3 29. Qg7 Rb8 30. Rd3 Qe2 31. Qd4 Nc7 32. f6 Nd5 33. f7 Qf1 34. Rd1 Qf3 35. Re1 a6 36. Re8 1-0

[Event "Betsys MČR v online bleskovém šachu 2021"]
[Site "Chess.com"]
[Date "2021.04.17"]
[Round "11"]
[White "Petroniuss"]
[Black "Richarlito"]
[Result "0-1"]
[WhiteElo "2221"]
[BlackElo "2078"]
[TimeControl "180+1"]
[EndTime "10:49:42 PDT"]
[Termination "Uživatel Richarlito zvítězil na čas"]

1. e4 c6 2. d3 d5 3. Nd2 dxe4 4. dxe4 Nf6 5. Ngf3 Bg4 6. h3 Bxf3 7. Qxf3 Nbd7 8. g3 e6 9. Bg2 Bc5 10. O-O Qc7 11. Nb3 Bb6 12. Be3 Ne5 13. Qe2 Bxe3 14. Qxe3 Nc4 15. Qc3 Nb6 16. Rad1 O-O 17. Rd3 Rfd8 18. Rfd1 Rxd3 19.
Qxd3 h6 20. Bf1 Nbd7 21. Qd6 Qb6 22. Qd4 c5 23. Qd6 Rd8 24. f4 Qxd6 25. Rxd6 Nxe4 26. Rd1 Kf8 27. Kg2 Ke7 28. Be2 b6 29. Bf3 Ndf6 30. Re1 Nd2 31. Re2 Nxf3 32. Kxf3 Nd5 33. Nd2 Nb4 34. c3 Nxa2 35. Nb3 c4 36. Nd4 Rxd4 37.
cxd4 Nb4 38. Ke3 b5 39. Kd2 Nc6 0-1

[Event "Betsys MČR v online bleskovém šachu 2021"]
[Site "Chess.com"]
[Date "2021.04.17"]
[Round "11"]
[White "BetsysBetting"]
[Black "KajaOl"]
[Result "0-1"]
[WhiteElo "1974"]
[BlackElo "2244"]
[TimeControl "180+1"]
[EndTime "10:49:42 PDT"]
[Termination "Uživatel KajaOl zvítězil na čas"]

1. e4 Nf6 2. d3 e5 3. Nf3 Nc6 4. Nbd2 Bc5 5. Be2 O-O 6. O-O d5 7. c3 h6 8. b4 Bd6 9. a3 Re8 10.
Bb2 Bg4 11. h3 Bh5 12. g4 Bg6 13. Nh4 Bh7 14. Nf5 Bf8 15. Bf3 a6 16. Qe2 Qd7 17. Rad1 Rad8 18. Nb3 Qe6 19. c4 dxc4 20. dxc4 Qc8 21.
Nc1 Bxf5 22. exf5 Nd4 23. Bxd4 exd4 24. Qd2 c5 25. Nd3 b6 26. h4 Bd6 27. g5 hxg5 28.
hxg5 Ne4 29. Bxe4 Rxe4 30. f3 Rh4 31. f4 Qxf5 0-1

[Event "Betsys MČR v online bleskovém šachu 2021"]
[Site "Chess.com"]
[Date "2021.04.17"]
[Round "11"]
[White "TTCZ"]
[Black "youhy"]
[Result "1/2-1/2"]
[WhiteElo "1457"]
[BlackElo "1745"]
[TimeControl "180+1"]
[EndTime "10:49:42 PDT"]
[Termination "Remíza patem"]

1. e4 c5 2. Nc3 d6 3. f4 Nc6 4. Nf3 g6 5. d4 cxd4 6. Nxd4 Bg7 7. Nxc6 bxc6 8. e5 dxe5 9. Qxd8+ Kxd8 10. Bc4 e6 11. fxe5 Bxe5 12. Bg5+ f6 13. O-O-O+ Kc7 14. Bd2 Ne7 15. g3 Nd5 16. Nxd5+ exd5 17. Bb3 a5 18. a3 a4 19. Ba2 Bf5 20. Rhe1 Rab8 21. Bb4 c5 22.
Ba5+ Kc8 23. c3 d4 24. cxd4 Bxd4 25. Bc3 Bxc3 26. bxc3 Rd8 27. Rxd8+ Kxd8 28. Rd1+ Kc7 29. Rd5 Kc6 30. Rd2 Re8 31. Bd5+ Kc7 32. c4 Re3 33. Kb2 Be6 34. Bxe6 Rxe6 35. Kc2 Re3 36. Rd3 Rxd3 37. Kxd3 Kd6 38. Ke4 Ke6 39. g4 f5+ 40. gxf5+ gxf5+ 41. Kf4 Kf6 42. h4 h5 43. Kf3 Ke5 44. Ke3 f4+ 45. Kf3 Kf5 46. Kg2 Kg4 47. Kf2 Kxh4 48. Kf3 Kg5 49. Kg2 Kg4 50. Kf2 h4 51. Kg2 f3+ 52. Kf2 Kf4 53. Kf1 Kg3 54. Kg1 h3 55. Kh1 Kf4 56. Kg1 Ke3 57. Kf1 f2 1/2-1/2

[Event "Betsys MČR v online bleskovém šachu 2021"]
[Site "Chess.com"]
[Date "2021.04.17"]
[Round "11"]
[White "Evca64"]
[Black "Hroch-hroch"]
[Result "1-0"]
[WhiteElo "2080"]
[BlackElo "2234"]
[TimeControl "180+1"]
[EndTime "10:49:43 PDT"]
[Termination "Uživatel Evca64 zvítězil po vzdání soupeře"]

1. e4 e5 2. Nf3 Nc6 3. Bb5 a6 4.
Ba4 Nf6 5. O-O Nxe4 6. d4 Be7 7. Re1 b5 8. Bb3 d5 9. dxe5 Be6 10. c3 O-O 11. Nbd2 Nc5 12. Bc2 d4 13. Nb3 dxc3 14. bxc3 Na4 15. Bd2 Bc4 16. Nbd4 Nxd4 17. Nxd4 Qd7 18.
Bf5 Qe8 19. Qg4 Kh8 20. Be4 Rb8 21. Qh3 g6 22. Bh6 Rg8 23. Rad1 Bf8 24. Bxf8 Qxf8 25. Re3 Qg7 26. f4 Nc5 27. Bb1 Rbd8 28. Rde1 Rge8 29. Qh4 Ne6 30. Nxe6 Bxe6 31. f5 Bxf5 32. Bxf5 gxf5 33.
Rg3 Rxe5 34. Rxg7 Rxe1+ 35. Qxe1 1-0

[Event "Betsys MČR v online bleskovém šachu 2021"]
[Site "Chess.com"]
[Date "2021.04.17"]
[Round "11"]
[White "jarda1955"]
[Black "DrStillestein"]
[Result "1-0"]
[WhiteElo "2029"]
[BlackElo "2095"]
[TimeControl "180+1"]
[EndTime "10:49:44 PDT"]
[Termination "Uživatel jarda1955 zvítězil po vzdání soupeře"]

1. d4 d5 2. c4 c6 3. Nf3 Nf6 4. Nc3 Bf5 5. cxd5 cxd5 6. Qb3 Qd7 7. Ne5 Qc8 8. Nxd5 Be6 9. Qa4+ Nc6 10. Nxf6+ gxf6 11. Nxc6 bxc6 12. Bd2 Qb7 13. b3 Bd5 14. e3 Rg8 15. f3 e5 16. e4 Be6 17. dxe5 fxe5 18. Rc1 Rc8 19. Ba6 Qb6 20. Bxc8 Bxc8 21. Qxc6+ Bd7 22.
Qxb6 axb6 23. g4 h5 24. h3 Ba3 25. Rc7 Kd8 26. Ra7 Bc5 27. Ra8+ Bc8 28. Ke2 Kc7 29.
Be3 Kb7 30. Rxc8 Rxc8 31. Rc1 hxg4 32. hxg4 Ka6 33. b4 Rh8 34. bxc5 Rh2+ 35. Bf2 bxc5 36.
Rxc5 f6 37. Rc6+ Kb5 38. Rxf6 Rg2 39. Rf5 Kc4 40. Rxe5 Kb4 41. g5 Ka3 42. f4 Kxa2 43. Kf3 Rh2 44. g6 Rh8 45. g7 Rf8 46. gxf8=Q 1-0

[Event "Betsys MČR v online bleskovém šachu 2021"]
[Site "Chess.com"]
[Date "2021.04.17"]
[Round "11"]
[White "Chessillusion213"]
[Black "elftom"]
[Result "1-0"]
[WhiteElo "2150"]
[BlackElo "1965"]
[TimeControl "180+1"]
[EndTime "10:49:44 PDT"]
[Termination "Uživatel Chessillusion213 zvítězil na čas"]

1. d4 Nf6 2. c4 c6 3. Nc3 d5 4. Nf3 e6 5. e3 Nbd7 6. Qc2 Bd6 7. b3 O-O 8. Be2 Re8 9. O-O b6 10. Bb2 Bb7 11. Rad1 e5 12. cxd5 e4 13. Nd2 cxd5 14.
Nb5 Rc8 15. Qb1 Bb8 16. Rc1 Qe7 17.
Ba3 Qe6 18. Rxc8 Rxc8 19. Rc1 a6 20. Rxc8+ Bxc8 21. Qc2 Nf8 22. Nc7 Qd7 23. Nxa6 Bxa6 24. Bxa6 Ng4 25. Nf1 Qf5 26. h3 Nf6 27. Qc8 Qxc8 28. Bxc8 N8d7 29. Ng3 Bxg3 30. fxg3 Nb8 31. Bb7 g5 32. Be7 Nbd7 33. a4 g4 34. h4 Nh5 35.
Kf2 1-0

[Event "Betsys MČR v online bleskovém šachu 2021"]
[Site "Chess.com"]
[Date "2021.04.17"]
[Round "11"]
[White "jonvon640"]
[Black "JuliliaR"]
[Result "0-1"]
[WhiteElo "1665"]
[BlackElo "1501"]
[TimeControl "180+1"]
[EndTime "10:49:44 PDT"]
[Termination "Uživatel JuliliaR zvítězil na čas"]

1. e4 d5 2. exd5 Qxd5 3. Nc3 Qd6 4. d4 c6 5. Bc4 Nf6 6. Nf3 Bg4 7. Be3 e6 8. O-O Qc7 9. h3 Bh5 10. Re1 Bd6 11.
Bd3 O-O 12. Ne4 Nxe4 13. Bxe4 Nd7 14. c3 Nf6 15. Bd3 Bg6 16. Rc1 Nd5 17. Bxg6 hxg6 18. a3 Bf4 19. Bxf4 Nxf4 20. Qd2 Nd5 21. c4 Nf6 22. d5 exd5 23. cxd5 Rad8 24. Qe2 Nxd5 25.
Qe5 Qb6 26. b4 Qa6 27. Qb2 Rfe8 28. Rxe8+ Rxe8 29. Re1 Rxe1+ 30. Nxe1 Qc4 31. Nf3 Qe4 32.
Kh2 Qf4+ 33. Kg1 b6 34. Nd4 c5 35. bxc5 bxc5 36. Nb5 a6 37. Nc3 Qd4 38. Na4 Qd1+ 39. Kh2 Qxa4 40. Qb8+ Kh7 41. Qd8 Qf4+ 42. Kg1 Nc3 43.
g3 Qd4 0-1

[Event "Betsys MČR v online bleskovém šachu 2021"]
[Site "Chess.com"]
[Date "2021.04.17"]
[Round "11"]
[White "pudltomik"]
[Black "Sorcercream"]
[Result "0-1"]
[WhiteElo "767"]
[BlackElo "1028"]
[TimeControl "180+1"]
[EndTime "10:49:45 PDT"]
[Termination "Uživatel Sorcercream zvítězil matem"]

1. e4 e5 2. Nf3 Nc6 3. Nc3 Bb4 4. Bc4 Nf6 5. O-O O-O 6. Nb5 a6 7. c3 Bc5 8. Na3 b5 9. Be2 d5 10. b4 Bb6 11. Nc2 Nxe4 12. d4 exd4 13. cxd4 Nc3 14. Qd2 Nxe2+ 15. Qxe2 Re8 16. Qd2 Bg4 17. Re1 Bxf3 18.
gxf3 Rxe1+ 19. Qxe1 Nxd4 20. Nxd4 Bxd4 21. Rb1 Qd7 22.
Qf1 Re8 23. Bf4 c6 24. Rd1 Bc3 25. a3 Qf5 26. Qg2 Qxf4 27. Rf1 Bb2 28. Qg3 Qxg3+ 29. hxg3 Bxa3 30. Kg2 Bxb4 31. Rb1 a5 32. f4 c5 33. Rc1 d4 34. Rb1 a4 35. Rf1 Bc3 36. f3 f5 37. Rf2 a3 38. Ra2 b4 39. g4 fxg4 40.
fxg4 d3 41. Kh3 d2 42. Rc2 d1=Q 43. Rh2 Re3+ 44. Kh4 h6 45. Kh5 Kh7 46. Rh4 g6# 0-1

[Event "Betsys MČR v online bleskovém šachu 2021"]
[Site "Chess.com"]
[Date "2021.04.17"]
[Round "11"]
[White "Vitana"]
[Black "Svisthorsky"]
[Result "1-0"]
[WhiteElo "1731"]
[BlackElo "1461"]
[TimeControl "180+1"]
[EndTime "10:49:46 PDT"]
[Termination "Uživatel Vitana zvítězil po vzdání soupeře"]

1. e4 e5 2. Nc3 Nf6 3. Bc4 Bb4 4. Nge2 O-O 5. O-O c6 6. d3 d5 7. exd5 cxd5 8. Bb3 d4 9. Ne4 Nxe4 10. dxe4 Bg4 11.
f3 Be6 12. f4 Bc5 13. Kh1 Nc6 14. fxe5 Bxb3 15. axb3 Nxe5 16. Bf4 d3 17. Bxe5 dxe2 18.
Qxe2 Qe7 19. Bc3 Rae8 20. Rae1 b5 21. Qg4 f6 22. h3 b4 23. Bd2 Kh8 24. c3 bxc3 25.
bxc3 Qf7 26. b4 Bb6 27. e5 f5 28. Qf3 Qe6 29. Be3 Bc7 30. Bd4 Rf7 31. Re2 a5 32.
bxa5 Bxa5 33. Ra1 Bb6 34. Qe3 Bxd4 35. cxd4 Qc6 36. Rc1 Qd7 37. Rd2 Qe6 38. d5 Qxe5 39.
Qxe5 Rxe5 40. Rc8+ 1-0

[Event "Betsys MČR v online bleskovém šachu 2021"]
[Site "Chess.com"]
[Date "2021.04.17"]
[Round "11"]
[White "Terilka"]
[Black "Milan_Jancek"]
[Result "0-1"]
[WhiteElo "1552"]
[BlackElo "1819"]
[TimeControl "180+1"]
[EndTime "10:49:47 PDT"]
[Termination "Uživatel Milan_Jancek zvítězil na čas"]

1. d4 d5 2. Nf3 Nf6 3. e3 e6 4.
Bd3 Be7 5. c4 dxc4 6. Bxc4 O-O 7. Nc3 Nbd7 8. O-O b6 9. Re1 Bb7 10. Qe2 c5 11. Bd3 Rc8 12. Bd2 h6 13. Rac1 cxd4 14.
Nxd4 Nc5 15. Bb1 Qd7 16. Red1 Rfd8 17. Be1 Ba8 18. f3 Qb7 19. Bg3 Bf8 20. Bh4 Ncd7 21. Ne4 Rxc1 22. Rxc1 Be7 23. Nxf6+ Nxf6 24. Qc2 Qd7 25.
Bxf6 Bxf6 26. Qh7+ Kf8 27. Ne2 Qd2 28. Qc2 Qxc2 29. Bxc2 Bxb2 30. Rb1 Bf6 31. Nf4 Rd2 32. Bb3 Ke7 33. Rc1 Kd8 34. h3 Bb7 35. Kh2 g6 36. Kg3 Be5 37. Rc4 g5 38. h4 gxf4+ 39. exf4 Bd6 0-1

[Event "Betsys MČR v online bleskovém šachu 2021"]
[Site "Chess.com"]
[Date "2021.04.17"]
[Round "11"]
[White "ReceptiveYoyo"]
[Black "121pepa"]
[Result "1-0"]
[WhiteElo "1377"]
[BlackElo "1438"]
[TimeControl "180+1"]
[EndTime "10:49:49 PDT"]
[Termination "Uživatel ReceptiveYoyo zvítězil na čas"]

1. d4 Nf6 2. c4 g6 3. e3 Bg7 4. Nf3 d6 5. Bd3 O-O 6. Nc3 Na6 7. e4 e5 8. d5 Nc5 9. Bc2 a5 10. O-O b6 11. Bg5 Ba6 12. b3 Qd7 13. Re1 Rab8 14.
a3 Rbc8 15. b4 axb4 16. axb4 Bxc4 17. bxc5 bxc5 18. Ra4 Bb5 19. Nxb5 Qxb5 20. Bd3 Qb7 21. Qb1 Qxb1 22. Rxb1 Rb8 23. Rxb8 Rxb8 24. h3 h6 25.
Be3 g5 26. Ra7 Ne8 27. Bc4 f6 28. Kf1 Bf8 29. Ke2 Be7 30. Kd3 Bd8 31. g4 Ng7 32. h4 Ne8 33. hxg5 hxg5 34. Nd2 Kf7 35. Nb3 Kg7 36. Na5 Kf7 37. Nc6 Be7 38. Nxb8 Bf8 39.
Na6 Be7 40. Nxc7 Bd8 41. Nxe8+ Kxe8 42. Ra6 Kd7 43. Bb5+ Ke7 44. Kc4 Bc7 45. Ra7 1-0

[Event "Betsys MČR v online bleskovém šachu 2021"]
[Site "Chess.com"]
[Date "2021.04.17"]
[Round "11"]
[White "hoacin"]
[Black "chessbeer17"]
[Result "0-1"]
[WhiteElo "2535"]
[BlackElo "2369"]
[TimeControl "180+1"]
[EndTime "10:49:51 PDT"]
[Termination "Uživatel chessbeer17 zvítězil matem"]

1. e4 c6 2. Nf3 d5 3. d3 Bg4 4. h3 Bxf3 5. Qxf3 Nf6 6. e5 Nfd7 7. d4 e6 8. Bd3 c5 9. c3 Nc6 10. Be3 Qb6 11. O-O cxd4 12. cxd4 Nxd4 13. Qf4 Bc5 14. Nc3 Nc6 15. Na4 Qa5 16. Nxc5 Nxc5 17. Bc2 Nd7 18.
Qg3 g6 19. f4 O-O-O 20. b4 Qa3 21. Rfb1 Qc3 22. Rc1 d4 23. Bf2 Qxg3 24. Bxg3 Kb8 25.
Be4 Rc8 26. Bxc6 Rxc6 27. Rxc6 bxc6 28. Rd1 Nb6 29. Rxd4 Nd5 30. Bh4 Kc7 31. g4 Rb8 32. a3 Rb5 33. Bf2 a5 34. bxa5 Rxa5 35. a4 Rc5 36.
Kg2 Rc3 37. f5 Rc2 38. fxe6 fxe6 39. Kg3 c5 40. Rd3 Kc6 41. Kh4 Rxf2 42. Kg5 Re2 43. Kh6 Rxe5 44. Kxh7 g5 45. Kg6 c4 46. Rd1 c3 47. a5 Kb5 48. Ra1 Ka6 49. Kf7 Re2 50. Kg6 Re5 51. h4 gxh4 52. g5 h3 53. Kh6 h2 54. g6 Ne7 55. g7 Nf5+ 56. Kg6 Nxg7 57. Kxg7 Re2 58. Kf6 c2 59. Rc1 Rg2 60. Rh1 Kxa5 61. Kxe6 Kb4 62. Kd5 Kc3 63. Ke4 Kb2 64. Kf3 Rd2 65. Kg3 c1=Q 66. Rg1 hxg1=Q+ 67. Kf3 Qcf1+ 68. Ke4 Rd4+ 69. Ke5 Qf4+ 70. Ke6 Qg6+ 71. Ke7 Qff7# 0-1

[Event "Betsys MČR v online bleskovém šachu 2021"]
[Site "Chess.com"]
[Date "2021.04.17"]
[Round "11"]
[White "TheRigos"]
[Black "reflexia64"]
[Result "1-0"]
[WhiteElo "2553"]
[BlackElo "2275"]
[TimeControl "180+1"]
[EndTime "10:49:52 PDT"]
[Termination "Uživatel TheRigos zvítězil matem"]

1. e4 c5 2. Nf3 Nc6 3. d4 cxd4 4. Nxd4 e5 5. Nb5 d6 6. N1c3 a6 7. Na3 Be7 8. Nc4 b5 9. Ne3 Nf6 10. Bd3 O-O 11. O-O Rb8 12. a4 b4 13. Ncd5 Nxd5 14.
Nxd5 Bg5 15. c3 bxc3 16. bxc3 Bxc1 17. Qxc1 Ne7 18. Ne3 Qc7 19. Qd2 Bb7 20. Rfc1 Rfd8 21. c4 Ng6 22. g3 Nf8 23. Nf5 Ne6 24. Rab1 Bc6 25. a5 h6 26. h4 Nc5 27. f3 Kh7 28. Bc2 Rxb1 29. Rxb1 Bd7 30. Ne3 Be6 31. Rb6 g6 32.
Kg2 Kg7 33. f4 f6 34. f5 gxf5 35. exf5 Bf7 36. Ng4 Rh8 37. Rxd6 Qb7+ 38. Kh2 Qf3 39. Nxf6 Bxc4 40. Bd1 Qf1 41. Nh5+ Kh7 42. Rd7+ Kg8 43. Rg7+ Kf8 44. Qd8# 1-0

[Event "Betsys MČR v online bleskovém šachu 2021"]
[Site "Chess.com"]
[Date "2021.04.17"]
[Round "11"]
[White "ReitteN"]
[Black "Honza_13"]
[Result "0-1"]
[WhiteElo "1768"]
[BlackElo "1947"]
[TimeControl "180+1"]
[EndTime "10:49:53 PDT"]
[Termination "Uživatel Honza_13 zvítězil matem"]

1. c4 g6 2. Nc3 Bg7 3. g3 Nf6 4.
Bg2 O-O 5. d4 d6 6. e4 Nbd7 7.
Nge2 e5 8. d5 a5 9. O-O Nc5 10.
Qc2 Bg4 11. f3 Bc8 12. Be3 b6 13. Rad1 a4 14. Bxc5 bxc5 15. a3 Qd7 16. Nc1 Ba6 17.
N3e2 Rfb8 18. Nd3 Qe8 19. Bh3 Bc8 20. Bxc8 Qxc8 21. Kg2 Nd7 22. f4 exf4 23. Nexf4 Ne5 24. Nxe5 Bxe5 25. Nd3 Bd4 26. Rd2 Rb3 27. Qc1 Be3 28. Qe1 Bxd2 29. Qxd2 Rab8 30. Qf4 Qd7 31. Nf2 Rxb2 32.
Kg1 f5 33. Nh3 Re8 34. Ng5 Qg7 35. Ne6 Qe5 36. Qh6 Rxe6 37. dxe6 Qd4+ 38. Kh1 Qxe4+ 39. Kg1 Qg2# 0-1

[Event "Betsys MČR v online bleskovém šachu 2021"]
[Site "Chess.com"]
[Date "2021.04.17"]
[Round "11"]
[White "Staci_fiknout_Navara_Plat"]
[Black "Dejfos"]
[Result "1-0"]
[WhiteElo "1963"]
[BlackElo "1763"]
[TimeControl "180+1"]
[EndTime "10:49:53 PDT"]
[Termination "Uživatel Staci_fiknout_Navara_Plat zvítězil na čas"]

1. c4 Nf6 2. Nc3 g6 3. g3 Bg7 4. Bg2 O-O 5. d4 c6 6. Bg5 e6 7.
e3 d5 8. cxd5 exd5 9. Nge2 h6 10. Bxf6 Bxf6 11. O-O Bg7 12. Rc1 Bf5 13. Nf4 Nd7 14. Nd3 Qe7 15. Na4 Be4 16. Nac5 Bxg2 17. Kxg2 Nxc5 18. Nxc5 h5 19. h4 Rac8 20. Rc2 Rfd8 21. Qf3 b6 22. Nd3 Qe4 23. Rd1 c5 24. dxc5 bxc5 25. Rxc5 Rxc5 26. Nxc5 Qxf3+ 27. Kxf3 Bxb2 28. Nb3 Kg7 29. Ke2 Bc3 30. Kd3 Be5 31. Rc1 Kf6 32. Rc6+ Rd6 33. Rxd6+ Bxd6 34. Kd4 Ke6 35. Nc5+ Bxc5+ 36. Kxc5 Ke5 37. f3 f5 38. a3 Ke6 39. f4 Kd7 40.
Kxd5 a6 41. a4 1-0

[Event "Betsys MČR v online bleskovém šachu 2021"]
[Site "Chess.com"]
[Date "2021.04.17"]
[Round "11"]
[White "Newyork6"]
[Black "keram91"]
[Result "0-1"]
[WhiteElo "328"]
[BlackElo "757"]
[TimeControl "180+1"]
[EndTime "10:49:53 PDT"]
[Termination "Uživatel keram91 zvítězil na čas"]

1. Nf3 d5 2. g3 e6 3. Bg2 f5 4. e3 Bc5 5. Ke2 Nc6 6. Ke1 Nf6 7. Kf1 b6 8. h3 Ba6+ 9. Ke1 f4 10. c3 fxg3 11.
fxg3 Qd6 12. d3 Qxg3+ 13. Ke2 Qxg2+ 14. Ke1 Qxh1+ 15. Ke2 Qg2+ 16. Ke1 Qg3+ 17. Ke2 Bxe3 18. Kxe3 d4+ 19. Kd2 Qf4+ 20. Kc2 Qh2+ 21. Kb3 Qd6 22. Kc2 Na5 23. b3 Rb8 24. Bb2 dxc3 25.
Bxc3 Ne4 26. Bxg7 Qc5+ 27. Kb2 Rg8 28. Bc3 Rg2+ 29. Kc1 Qe3+ 30. Qd2 Rxd2 31. Bxd2 Qc5+ 32. Kd1 Nf2+ 33. Ke2 Rd8 34. Bxa5 Qc2+ 35. Ke1 Nxd3+ 36. Kf1 Nf2+ 37. Kg1 Rd1+ 38. Kg2 Qg6+ 39. Kh2 Qg1+ 40. Nxg1 Ne4 41. Bxb6 Rd3 0-1